 Seeded DCSS version 0.29.1-2-gbd0b4ee654 (webtiles) character file.

Game seed: 1 (custom seed)

35602 Kazon the Fighter (level 13, 0/126 HPs)
             Began as a Naga Berserker on Nov 28, 2022.
             Was a High Priest of Trog.
             Slain by a blink frog (13 damage)
             ... on level 5 of the Lair of Beasts on Nov 29, 2022.
             The game lasted 01:26:07 (12218 turns).

Kazon the Fighter (Naga Berserker)                 Turns: 12218, Time: 01:26:08

Health: 0/126      AC:  8    Str: 24    XL:     13   Next: 84%
Magic:  13/13      EV: 12    Int: 13    God:    Trog [*****.]
Gold:   167        SH: 12    Dex: 20    Spells: 12/12 levels left

rFire   + + +      SeeInvis +   f - +5 Maxwell's thermic engine {flame, freeze}
rCold   + + .      Faith    .   c - +1 kite shield of the Arena {Str+4 Int+4}
rNeg    . . .      Spirit   .   O - +0 troll leather armour
rPois   +          Reflect  .   j - +0 helmet
rElec   .          Harm     .   Q - scarf {rC+ rF+}
rCorr   .          Rampage  .   (no gloves)
Will    +....                   (no barding)
Stlth   ++++++....              U - amulet "Odemouw" {Contam rPois rF+++ Regen+ Stlth+}
HPRegen 1.91/turn               N - ring of protection from cold
MPRegen 0.13/turn               t - +6 ring of dexterity

@: lethally poisoned (0 -> 0), short of breath, very slow
A: AC +4, large, see invisible, deformed body, poison resistance, slowness 2,
spit poison 1, naga tail 2
a: Spit Poison, Renounce Religion, Berserk, Trog's Hand, Brothers in Arms


You were on level 5 of the Lair of Beasts.
You worshipped Trog.
Trog was extremely pleased with you.
You visited 2 branches of the dungeon, and saw 17 of its levels.

You collected 1085 gold pieces.
You spent 918 gold pieces at shops.

Inventory:

Hand Weapons
 e - a +2 dagger of venom
 f - the +5 Maxwell's thermic engine (weapon) {flame, freeze}
   (You found it on level 1 of the Lair of Beasts)

   It burns those it strikes, dealing additional fire damage.
   Big, fiery blades are also staple armaments of hydra-hunters.
   It freezes those it strikes, dealing additional cold damage.
   It can also slow down cold-blooded creatures.
   It becomes more effective when it hits something.
   This effect fades over time.
 s - the +3 falchion of Winter {venom, rCorr}
   (You bought it in a shop on level 3 of the Dungeon)

   It poisons the flesh of those it strikes.
   rCorr:     It protects you from acid and corrosion.
Missiles
 h - 37 stones
 n - a throwing net
 o - 25 boomerangs (quivered)
 z - 6 curare-tipped darts
 H - 39 poisoned darts
Armour
 c - the +1 kite shield of the Arena (worn) {Str+4 Int+4}
   (You acquired it on level 1 of the Dungeon)

   Str:       It affects your strength (+4).
   Int:       It affects your intelligence (+4).
 j - a +0 helmet (worn)
 O - a +0 troll leather armour (worn)
 Q - a scarf of resistance (worn)
Jewellery
 t - a +6 ring of dexterity (right hand)
 C - a ring of protection from cold
 N - a ring of protection from cold (left hand)
 U - the amulet "Odemouw" (around neck) {Contam rPois rF+++ Regen+ Stlth+}
   (You bought it in a shop on level 8 of the Dungeon)

   [amulet of regeneration]

   rF:        It renders you almost immune to fire.
   rPois:     It protects you from poison.
   Contam:    It causes magical contamination when unequipped.
   Regen:     It increases your rate of health regeneration.
   Stlth:     It makes you more stealthy.
Wands
 g - a wand of paralysis (26)
 y - a wand of mindburst (25)
 A - a wand of flame (40)
 F - a wand of roots (6)
 G - a wand of polymorph (11)
Scrolls
 i - a scroll of identify
 l - 2 scrolls of immolation {unknown}
 p - 2 scrolls of poison
 q - a scroll of enchant armour {unknown}
 r - 2 scrolls of noise {unknown}
 u - 3 scrolls of teleportation
 v - a scroll of magic mapping
 x - 4 scrolls of fog
 D - 4 scrolls of enchant weapon {unknown}
 K - 2 scrolls of fear
 R - a scroll of vulnerability {unknown}
 V - a scroll of silence {unknown}
 W - 2 scrolls of brand weapon {unknown}
Potions
 a - a potion of ambrosia
 b - 4 potions of berserk rage {unknown}
 d - a potion of mutation {unknown}
 k - 2 potions of cancellation
 m - 2 potions of haste
 w - 8 potions of lignification
 B - a potion of heal wounds {unknown}
 I - 3 potions of curing
 J - 2 potions of might
 P - 2 potions of invisibility {unknown}
 T - 3 potions of flight
Miscellaneous
 E - a lightning rod (4/4)
 M - a condenser vane (inert)
 S - a phial of floods


   Skills:
 * Level 10.9 Fighting
 + Level 5.5(8.7) Short Blades
 + Level 10.5(11.1) Long Blades
 + Level 5.6 Maces & Flails
 + Level 5.3 Throwing
 + Level 5.1 Armour
 + Level 6.1 Dodging
 + Level 10.2 Stealth
 + Level 7.4 Shields
 * Level 8.7 Evocations


You had 12 spell levels left.
You didn't know any spells.
Your spell library was empty.

Dungeon Overview and Level Annotations

Branches:
Dungeon (12/15)            Temple (0/1) D:7            Lair (5/5) D:10
 Shoals (0/4) Lair:3       Spider (0/4) Lair:3        Slime (0/5) Lair:4
    Orc: D:9-12

Altars:
Elyvilon
Hepliaklqana
Kikubaaqudgha
Uskayaw
Jiyva

Shops:
D:3 (   D:8 ?(==   D:10 :


Innate Abilities, Weirdness & Mutations

Your serpentine skin is tough. (AC +4)
You have supernaturally acute eyesight. (SInv)
Armour fits poorly on your strangely shaped body.
Your system is resistant to poisons. (rPois)
You cover ground very slowly.
You can spit poison.
You can use your snake-like lower body to constrict enemies.


Message History

Unknown command.
You slash the blink frog! You burn the blink frog.
You kill the blink frog!
Trog accepts your kill.
You constrict the cane toad!
You feel very sick. The cane toad closely misses you.
The blink frog blinks!
The yak gores you but does no damage. The yak closely misses you.
The blink frog closely misses you.
You hit the yak. You burn the yak.
You kill the yak!
Trog accepts your kill.
You constrict the cane toad.
You feel very sick. You block the cane toad's attack. The blink frog hits you!
* * * LOW HITPOINT WARNING * * *
The blink frog blinks!
The yak misses you. You block the cane toad's attack.
You closely miss the yak.
The yak is almost dead.
You constrict the cane toad.
You feel sick. The yak gores you.
* * * LOW HITPOINT WARNING * * *
The cane toad stings you!
* * * LOW HITPOINT WARNING * * *
You slash the cane toad! You burn the cane toad.
You kill the cane toad!
Trog accepts your kill.
You feel sick. You block the blink frog's attack.
The blink frog blinks!
The yak gores you but does no damage.
The blink frog blinks!
Unknown command.
Aiming: Spit Poison (1% risk of failure)
Press: ? - help, Shift-Dir - straight line, f - yak
Aim: a yak (almost dead, 78% to hit)
The splash of poison hits the yak!
The yak is poisoned.
You kill the yak!
Trog accepts your kill.
You feel sick.
The blink frog hits you but does no damage.
You closely miss the blink frog. Your grab misses the blink frog.
You feel sick. The blink frog hits you!
You die...

......................
.......................
.......................
..##..#......##.####..#
#. #####.<...#### ##
#.########...## #
........##...#P.##
......†F..........
......†@F.........
....?.†##..##.PP#.
....#.. #### .### ...
#.F .P . ... .P .... ..
..... #.#...


You could see 3 blink frogs.

Vanquished Creatures
  Fannar (Lair:2)
  Erolcha (D:10)
  A two-headed ogre (D:9)
  4 death yaks
  An ugly thing (D:11)
  2 elephants (Lair:4)
  4 black mambas
  9 cane toads
  Maggie (D:6)
  3 rime drakes
  4 kobold demonologists (D:11)
  10 komodo dragons
  A tengu conjurer (D:12)
  3 trolls
  Prince Ribbit (D:9)
  A polar bear (Lair:4)
  11 blink frogs
  5 dream sheep (Lair:4)
  A snapping turtle (Lair:3)
  2 shadows
  A vampire (D:10)
  48 yaks
  3 wyverns
  2 basilisks
  Eustachio (D:5)
  2 steam dragons
  Menkaure (D:5)
  Edmund (D:6)
  2 acid dragons
  9 water moccasins
  5 orc warriors
  An ice beast (D:8)
  5 sky beasts
  2 black bears (D:6)
  5 centaurs
  An ogre (D:6)
  A wolf (D:10)
  2 phantoms (D:6)
  3 kobold brigands
  3 necrophages
  5 bullfrogs
  A gnoll sergeant (D:7)
  10 scorpions
  21 wights
  3 killer bees (D:10)
  3 electric eels
  A howler monkey (D:5)
  2 jellies (D:6)
  6 hounds
  7 orc priests
  A gnoll bouda (D:7)
  6 iguanas
  4 orc wizards
  4 hell rats (Lair:2)
  Robin (D:3)
  15 gnolls
  13 adders
  3 shadow imps
  2 white imps (D:7)
  An ufetubus (D:5)
  4 worms
  37 orcs
  11 endoplasms
  3 giant cockroaches
  16 goblins
  9 hobgoblins
  A jackal (D:4)
  27 kobolds
  A quokka (D:1)
  5 ball pythons
  4 bats
  3 frilled lizards
  6 rats
400 creatures vanquished.

Vanquished Creatures (collateral kills)
  A catoblepas (Lair:2)
  3 elephants (Lair:4)
  A bullfrog (Lair:2)
5 creatures vanquished.

Vanquished Creatures (others)
  A quokka (D:7)
  19 fungi
  22 plants
42 creatures vanquished.

Grand Total: 447 creatures vanquished

Notes
Turn   | Place    | Note
-------+----------+-------------------------------------------
     0 | D:1      | Kazon the Naga Berserker began the quest for the Orb.
     0 | D:1      | Reached XP level 1. HP: 21/21 MP: 1/1
    33 | D:1      | Identified a scroll of acquirement
    33 | D:1      | Acquired the +1 kite shield of the Arena {Str+4 Int+4}
   139 | D:1      | Reached XP level 2. HP: 19/28 MP: 2/2
   718 | D:2      | Reached ** piety under Trog
   719 | D:2      | Reached XP level 3. HP: 13/34 MP: 3/3
  1083 | D:2      | Reached XP level 4. HP: 22/44 MP: 4/4
  1305 | D:3      | Found Umat's Antique Weapon Boutique.
  1332 | D:3      | Bought a crude falchion for 184 gold pieces
  1332 | D:3      | Identified the +3 falchion of Winter {venom, rCorr} (You
                  | bought it in a shop on level 3 of the Dungeon)
  1546 | D:3      | Reached skill level 1 in Stealth
  1546 | D:3      | Reached XP level 5. HP: 27/50 MP: 5/5
  1644 | D:3      | Reached skill level 1 in Throwing
  1654 | D:3      | Reached skill level 1 in Shields
  1660 | D:3      | Noticed Robin
  1667 | D:3      | Killed Robin
  1927 | D:4      | Reached XP level 6. HP: 30/57 MP: 6/6
  1993 | D:4      | Reached *** piety under Trog
  2311 | D:4      | Reached XP level 7. HP: 69/69 MP: 7/7
  2569 | D:4      | Found a hazy altar of Hepliaklqana.
  2818 | D:5      | Entered Level 5 of the Dungeon
  2855 | D:5      | Noticed Eustachio
  2870 | D:5      | Reached XP level 8. HP: 37/78 MP: 8/8
  2892 | D:5      | HP: 3/78 [Eustachio/puff of flame (8)]
  2894 | D:5      | Killed Eustachio
  2895 | D:5      | Reached skill level 1 in Evocations
  3479 | D:5      | Noticed Menkaure
  3499 | D:5      | Killed Menkaure
  3500 | D:5      | Reached XP level 9. HP: 85/85 MP: 9/9
  3806 | D:6      | Reached **** piety under Trog
  3966 | D:6      | Noticed Maggie
  3990 | D:6      | Killed Maggie
  4165 | D:6      | Noticed Edmund
  4180 | D:6      | Killed Edmund
  4181 | D:6      | Reached skill level 5 in Shields
  4366 | D:6      | Reached XP level 10. HP: 58/92 MP: 10/10
  4509 | D:6      | Reached skill level 1 in Maces & Flails
  4779 | D:7      | Found a white marble altar of Elyvilon.
  4896 | D:7      | Found a staircase to the Ecumenical Temple.
  4941 | D:7      | Reached ***** piety under Trog
  4960 | D:7      | Found a hide-covered altar of Uskayaw.
  5208 | D:8      | Found Esumer's Weapon Shop.
  5321 | D:8      | Found Quzidd's Magic Scroll Emporium.
  5544 | D:8      | Reached skill level 5 in Evocations
  5604 | D:8      | Found Zoxtaeshakh's Jewellery Boutique.
  5626 | D:8      | Found Heidghoki's Jewellery Shop.
  6493 | D:9      | Noticed a two-headed ogre
  6500 | D:9      | Killed a two-headed ogre
  6501 | D:9      | Reached XP level 11. HP: 102/102 MP: 11/11
  6594 | D:9      | Noticed Prince Ribbit
  6633 | D:9      | Killed Prince Ribbit
  6783 | D:10     | Entered Level 10 of the Dungeon
  6808 | D:10     | Reached skill level 5 in Dodging
  7060 | D:10     | Found a staircase to the Lair.
  7087 | D:10     | Noticed Erolcha
  7100 | D:10     | Killed Erolcha
  7119 | D:10     | Identified the +5 long sword of the Land of Plenty {drain,
                  | Dex+3}
  7148 | D:10     | Found Juagoaq's Book Shoppe.
  7252 | D:10     | Received a gift from Trog
  8149 | D:11     | Noticed a green ugly thing
  8173 | D:11     | Killed a green ugly thing
  8294 | D:11     | Noticed a soul eater
  8312 | D:11     | Reached XP level 12. HP: 112/112 MP: 12/12
  8607 | D:11     | Reached skill level 5 in Maces & Flails
  9020 | Lair:1   | Entered Level 1 of the Lair of Beasts
  9092 | Lair:1   | Found the +2 Maxwell's thermic engine {flame, freeze}
  9384 | Lair:1   | Reached skill level 5 in Short Blades
  9724 | D:8      | Bought the amulet "Odemouw" {Contam rPois rF+++ Regen+
                  | Stlth+} for 734 gold pieces
  9840 | Lair:1   | Identified the +7 great mace of Melee {flame, *Noise rN++
                  | Will+} (Trog gifted it to you on level 1 of the Lair of
                  | Beasts)
  9840 | Lair:1   | Received a gift from Trog
 10174 | Lair:2   | Noticed Fannar
 10183 | Lair:2   | Noticed a catoblepas
 10189 | Lair:2   | Killed Fannar
 10190 | Lair:2   | Reached skill level 5 in Armour
 10205 | Lair:2   | Killed a catoblepas
 10206 | Lair:2   | Reached skill level 5 in Throwing
 10235 | Lair:2   | Gained mutation: You can use your snake-like lower body to
                  | constrict enemies. [Naga growth]
 10235 | Lair:2   | Reached XP level 13. HP: 83/123 MP: 13/13
 10727 | Lair:3   | You fall into a shaft and drop 2 floors!
 10727 | Lair:5   | Entered Level 5 of the Lair of Beasts
 10807 | Lair:4   | Found a staircase to the Slime Pits.
 10807 | Lair:4   | Found a viscous altar of Jiyva.
 10946 | Lair:4   | Reached skill level 10 in Fighting
 11155 | Lair:2   | Reached skill level 10 in Long Blades
 11293 | Lair:3   | Found a staircase to the Shoals.
 11477 | Lair:3   | Found a hole to the Spider Nest.
 11513 | Lair:3   | Reached skill level 10 in Stealth
 11632 | Lair:3   | Found an ancient bone altar of Kikubaaqudgha.
 11981 | Lair:4   | Identified the +3 battleaxe "Adididghufym" {antimagic, rF+
                  | Will+}
 12218 | Lair:5   | Slain by a blink frog

Illustrated notes

Levels and vault maps discovered:
D:1:      dpeg_arrival_three_smaller_balls, layout_basic
D:2:      layout_loops_ring
D:3:      layout_basic, serial_shops, nicolae_shop_stone, st_stairs_9,
          minmay_misc_feat_doors, eino_curves_03, uniq_robin
D:4:      minmay_wonky_spiral, layout_basic,
          mainiacjoe_overflow_surrounded_room, minivault_5
D:5:      layout_cave_pods, uniq_menkaure, uniq_eustachio
D:6:      cheibrodos_barr_body, layout_basic, minmay_crystal_room,
          minmay_pentangle, uniq_maggie, uniq_edmund
D:7:      layout_cave_pools, nicolae_uskayaw_murder_on_the_dancefloor,
          elyvilon_altar_4, minmay_temple_entry_purple_smoke
D:8:      layout_basic, serial_shops, shop_statue, kennysheep_little_box, shop,
          nicolae_shop_window_shopping
D:9:      layout_cave_pools, uniq_prince_ribbit1
D:10:     layout_stronghold, erik_lair_island, serial_shops,
          nicolae_shop_statue_plus, uniq_erolcha
D:11:     layout_roguey
D:12:     layout_loops_ring, orc_0_dummy, chequers_serial_rivers_marsh,
          uniq_lodul, uniq_nessos, uniq_rupert
Lair:1:   layout_long_grid, fungi_pond_lemuel, cheibrodos_lair_reptile_den
Lair:2:   layout_gridlike, uniq_fannar
Lair:3:   layout_roguey, minmay_shoals_entry_hut,
          nicolae_spider_entry_non_spiders, basic_altar, serial_bayou_crossing
Lair:4:   layout_gridlike, slime_entry_1, serial_rivers,
          chequers_serial_rivers_room_a, chequers_serial_rivers_micro_c,
          chequers_serial_rivers_room_a, chequers_serial_rivers_micro_e,
          minivault_27, grunt_megastairs_3, infiniplex_staircase_pool_2
Lair:5:   evilmike_catoblepas_cave, layout_long_grid

Skill      XL: |  1  2  3  4  5  6  7  8  9 10 11 12 13 |
---------------+----------------------------------------+-----
Fighting       | 4 6 7 8 9 10 | 10.9
Long Blades    | 4 6 7 8 9 10 | 10.5
Dodging        | 2 4 5 6 |  6.1
Stealth        | 1 6 7 8 9 10 | 10.2
Throwing       | 1 4 5 |  5.3
Shields        | 1 4 5 6 7 |  7.4
Short Blades   | 4 5 |  5.5
Armour         | 4 5 |  5.1
Evocations     | 2 3 5 6 7 8 |  8.7
Maces & Flails | 2 4 5 |  5.6

Action                   |  1- 3 |  4- 6 |  7- 9 | 10-12 | 13-15 || total
-------------------------+-------+-------+-------+-------+-------++-------
Melee: Falchion          |    62 |    64 |   168 |   569 |    74 ||   937
       Dagger            |     7 |    26 |    68 |    91 |     8 ||   200
       Long sword        |       |       |    28 |    73 |       ||   101
       Flail             |       |       |       |    32 |       ||    32
       Double sword      |       |       |       |    35 |    77 ||   112
       Constrict         |       |       |       |       |    35 ||    35
Throw: Stone             |       |    22 |    21 |    74 |       ||   117
       Dart              |       |       |       |    26 |       ||    26
       Boomerang         |       |       |       |    31 |    15 ||    46
Invok: Trog's Hand       |       |     1 |     2 |     1 |       ||     4
       Berserk           |       |     1 |     2 |    10 |     1 ||    14
       Brothers in Arms  |       |       |       |     1 |       ||     1
 Abil: Spit Poison       |    23 |    18 |    23 |    30 |     9 ||   103
Evoke: Wand              |       |       |     4 |       |       ||     4
       Condenser vane    |       |       |       |       |     1 ||     1
  Use: Scroll            |     1 |       |     1 |    14 |     1 ||    17
       Potion            |       |     1 |     3 |       |       ||     4
 Stab: Sleeping          |       |     2 |    13 |    18 |     9 ||    42
       Distracted        |       |       |       |       |     1 ||     1
Armor: Animal skin       |    12 |    13 |    36 |       |       ||    61
       Leather armour    |       |       |    63 |    81 |       ||   144
       Troll leather arm |       |       |       |    70 |    27 ||    97
Dodge: Dodged            |    39 |    31 |   112 |   255 |    78 ||   515
Block: Kite shield       |    22 |    29 |   143 |   356 |   105 ||   655
